 Dungeon Crawl Stone Soup version 0.28-b1-25-g9875b3fc8c (webtiles) character file.

Game seed: 6359082342529603745

4758 Minsecho the Thaumaturge (level 10, -3/77 HPs)
             Began as a Purple Draconian Ice Elementalist on Feb 2, 2022.
             Was a Priest of Sif Muna.
             Shot with an arrow by a centaur warrior (20 damage)
             ... on level 9 of the Dungeon.
             The game lasted 00:33:16 (11223 turns).

Minsecho the Thaumaturge (DrIE)                    Turns: 11223, Time: 00:33:16

Health: -3/77      AC: 10    Str: 10    XL:     10   Next: 23%
Magic:  25/32      EV: 13    Int: 19    God:    Sif Muna [***...]
Gold:   194        SH:  4    Dex: 13    Spells: 11/27 levels left

rFire   . . .      SeeInvis .   k - +4 short sword
rCold   . . .      Faith    .   e - +0 buckler
rNeg    . . .      Spirit   .   (armour unavailable)
rPois   .          Reflect  .   (helmet restricted)
rElec   .          Harm     .   x - +0 cloak
rCorr   .          Rampage  .   z - +0 pair of gloves
Will    +....                   v - +0 pair of boots
Stlth   ++........              (no amulet)
HPRegen 0.22/turn               r - ring of magical power
MPRegen 0.23/turn               (no ring)

@: no status effects
A: breathe power, AC +7, unfitting armour, cold-blooded
a: Breathe Dispelling Energy, Renounce Religion, Channel Magic, Forget Spell


You were on level 9 of the Dungeon.
You worshipped Sif Muna.
Sif Muna was most pleased with you.
You visited 2 branches of the dungeon, and saw 10 of its levels.
You also visited: Sewer.

You collected 417 gold pieces.
You spent 223 gold pieces at shops.

Inventory:

Hand Weapons
 k - a +4 short sword (weapon)
 o - a +2 hunting sling of freezing
 D - a +0 short sword
Missiles
 C - 5 silver boomerangs
Armour
 e - a +0 buckler (worn)
 v - a +0 pair of boots (worn)
 x - a +0 cloak (worn)
 z - a +0 pair of gloves (worn)
Jewellery
 r - a ring of magical power (left hand)
 B - a ring of positive energy
Wands
 y - a wand of flame (21)
 A - a wand of iceblast (8)
Scrolls
 a - 2 scrolls of vulnerability {unknown}
 c - a scroll of silence {unknown}
 g - a scroll of fog {unknown}
 i - a scroll of blinking {unknown}
 l - 7 scrolls of teleportation
 n - 4 scrolls of fear {unknown}
 q - a scroll of magic mapping {unknown}
 t - a scroll of enchant weapon {unknown}
 u - a scroll of summoning {unknown}
 E - a scroll of noise {unknown}
Potions
 b - 2 potions of magic
 f - a potion of curing
 h - a potion of flight {unknown}
 j - a potion of heal wounds {unknown}
 m - 2 potions of attraction
 p - 2 potions of resistance
 s - 4 potions of haste
 w - 2 potions of cancellation {unknown}
 F - a potion of mutation {unknown}


   Skills:
 + Level 3.4 Fighting
 + Level 5.0 Short Blades
 + Level 5.0 Dodging
 + Level 3.7 Stealth
 * Level 3.0 Shields
 + Level 9.4 Spellcasting
 + Level 1.4 Conjurations
 + Level 3.1 Summonings
 + Level 8.6 Ice Magic


You had 11 spell levels left.
You knew the following spells:

 Your Spells              Type           Power      Damage    Failure   Level
a - Freeze                Ice            100%       1d11      1%          1
b - Frozen Ramparts       Ice            82%        1d10      1%          3
c - Ozocubu's Armour      Ice            41%        N/A       1%          3
d - Summon Ice Beast      Ice/Summ       31%        N/A       10%         4
e - Magic Dart            Conj           56%        1d5       6%          1
h - Hailstorm             Conj/Ice       28%        3d8       13%         4

Your spell library contained the following spells:

 Spells                   Type           Power      Damage    Failure   Level
 Foxfire                  Conj/Fire      44%        2x1d6     8%          1
 Searing Ray              Conj           28%        2d5       9%          2
 Corpse Rot               Necr/Air       16%        N/A       16%         2
 Conjure Flame            Conj/Fire      11%        6-21      22%         3
 Inner Flame              Hex/Fire       8%         N/A       30%         3
 Flame Wave               Conj/Fire      11%        2d5       58%         4
 Fulminant Prism          Conj/Hex       5%         3d7       58%         4
 Dispel Undead            Necr           8%         3d8       71%         4
 Summon Mana Viper        Hex/Summ       14%        N/A       83%         5
 Death Channel            Necr           4%         N/A       100%        6
 Monstrous Menagerie      Summ           10%        N/A       100%        7


Dungeon Overview and Level Annotations

Branches:
Dungeon (9/15)             Temple (1/1) D:4           Sewer (visited)
   Lair: D:8-11         Orc: D:9-12

Altars:
Ashenzari
Cheibriados
Dithmenos
Elyvilon
Fedhas
Gozag
Hepliaklqana
Kikubaaqudgha
Makhleb
Nemelex Xobeh
Okawaru
Qazlal
Ru
Sif Muna
Trog
Uskayaw
Vehumet
Wu Jian
Xom
Yredelemnul
Zin
The Shining One

Shops:
D:4 [   D:6 *   D:7 *

Annotations:
D:4 3 runed translucent doors, Ironcache's ghost, novice DsCA


Innate Abilities, Weirdness & Mutations

You can breathe bolts of dispelling energy.
Your rich purple scales are hard. (AC +7)
You cannot fit into any form of body armour.
You are cold-blooded and may be slowed by cold attacks.


Message History

Orders for allies: a - Attack new target. r - Retreat! s - Stop attacking. g - Guard the area. f - Follow me.
Anything else - Cancel.
Gang up on whom?
Press: ? - help, Dir - move target, f - centaur warrior
Aim: a centaur warrior, wielding a +0 shortbow and quivering arrows (ally target) Attack!
The centaur warrior shoots an arrow.
The arrow barely misses you.
Casting: Summon Ice Beast (dangerous; 10% risk of failure)
Confirm with . or Enter, or press ? or * to list all spells.
Casting: Frozen Ramparts (safe; 1% risk of failure)
Press: ? - help, Dir - look around, f - activate
Okay, then.
The centaur warrior shoots an arrow.
The arrow closely misses you.
The centaur warrior shoots an arrow.
The arrow hits you!
The centaur warrior shoots an arrow.
The arrow hits you!!
The centaur warrior shoots an arrow.
The arrow hits your ice beast!! What are your orders? t - Shout!
Orders for allies: a - Attack new target. p - Attack previous target. r - Retreat! s - Stop attacking. g - Guard the area. f - Follow me.
Anything else - Cancel.
Okay, then.
The centaur warrior shoots an arrow.
The arrow hits your ice beast!!
Your ice beast dies!
Your ice beast disappears in a puff of smoke!
Casting: Frozen Ramparts (safe; 1% risk of failure)
Confirm with . or Enter, or press ? or * to list all spells.
A chill wind blows around you.
The centaur warrior shoots an arrow.
The arrow hits you but does no damage.
The centaur warrior shoots an arrow.
The arrow hits you.
Casting: Summon Ice Beast (dangerous; 10% risk of failure)
Confirm with . or Enter, or press ? or * to list all spells.
A chill wind blows around you.
The centaur warrior shoots an arrow.
The arrow hits you!!
* * * LOW HITPOINT WARNING * * *
The centaur warrior shoots an arrow.
The arrow misses you.
The centaur warrior shoots an arrow.
The arrow hits you!!
You die...

#..# #.# #..# #.#
#..# #.# ###
#..######.###...
#...............
#...............
#.#######.......
######.# #.......
#...@..# #.......
#......# #.#####.
#####......# #.# .
#..c.Y.....# #.# .
#c#####....#######.+
#.# #.......§.÷..#
#.# #....#####c..#
#.#####....# #...#
#..........# #...#


You could see a centaur warrior (ally target) and a friendly ice beast
(summoned).

Vanquished Creatures
  A hornet (D:9)
  3 yaks (D:9)
  A water moccasin (D:8)
  Pargi (Sewer)
  A black bear (D:7)
  2 ice beasts (D:7)
  3 sky beasts
  2 necrophages
  A centaur (D:7)
  A phantom (D:6)
  2 kobold brigands
  A wyvern zombie (D:8)
  2 bullfrogs
  2 scorpions (D:5)
  A gnoll sergeant (D:7)
  2 water moccasin skeletons
  3 killer bees (D:8)
  10 wights
  4 howler monkeys
  A jelly (D:6)
  A centaur zombie (D:8)
  2 hounds
  2 gnoll shamans
  2 orc priests
  A scorpion zombie (D:5)
  A hound skeleton (D:4)
  6 adders
  10 gnolls
  2 river rats (D:4)
  A shadow imp (D:8)
  An ufetubus (D:5)
  3 worms
  A dart slug (D:2)
  17 orcs
  7 ball pythons
  8 endoplasms
  3 giant cockroaches
  4 goblins
  8 hobgoblins
  3 jackals (D:2)
  17 kobolds
  3 quokkas
  6 bats
  4 frilled lizards
  A rat (D:2)
158 creatures vanquished.

Vanquished Creatures (collateral kills)
  A two-headed ogre (D:8)
  A yak (D:8)
  A hornet zombie (D:8)
  A centaur (D:7)
  A killer bee (D:8)
  4 wights
  A jelly (D:7)
  A centaur skeleton (D:7)
  A gnoll (D:7)
  An orc (D:8)
13 creatures vanquished.

Grand Total: 171 creatures vanquished

Notes
Turn   | Place    | Note
-------+----------+-------------------------------------------
     0 | D:1      | Minsecho the Draconian Ice Elementalist began the quest for
                  | the Orb.
     0 | D:1      | Reached XP level 1. HP: 14/14 MP: 3/3
   571 | D:1      | Reached XP level 2. HP: 18/20 MP: 1/5
  1352 | D:2      | Reached XP level 3. HP: 23/26 MP: 1/6
  2049 | D:3      | Reached skill level 3 in Spellcasting
  2157 | D:3      | Learned a level 3 spell: Frozen Ramparts
  2161 | D:3      | Learned a level 3 spell: Ozocubu's Armour
  2163 | D:3      | Found a faded altar of an unknown god.
  2433 | D:3      | Reached XP level 4. HP: 33/33 MP: 4/8
  2956 | D:4      | Found a broken altar of Ashenzari.
  3032 | D:4      | Found a staircase to the Ecumenical Temple.
  3046 | D:4      | Reached skill level 1 in Short Blades
  3046 | D:4      | Reached XP level 5. HP: 20/39 MP: 10/10
  3067 | Temple   | Entered the Ecumenical Temple
  3113 | Temple   | Became a worshipper of Sif Muna the Loreminder
  3185 | D:4      | Found a glowing drain.
  3196 | D:4      | Reached skill level 5 in Ice Magic
  3227 | Sewer    | Entered a sewer
  3355 | Sewer    | Noticed Pargi
  3363 | Sewer    | Killed Pargi
  3364 | Sewer    | Reached skill level 1 in Fighting
  3364 | Sewer    | Reached XP level 6. HP: 40/47 MP: 1/11
  3625 | D:4      | Found Heru's Antique Armour Boutique.
  3966 | D:4      | Found a runed translucent gate.
  3966 | D:4      | Found a runed translucent gate.
  3966 | D:4      | Found an opulent altar of Gozag.
  3967 | D:4      | Found a runed translucent gate.
  3969 | D:4      | Noticed Ironcache's ghost (novice DsCA)
  4007 | D:5      | Entered Level 5 of the Dungeon
  4069 | D:5      | Learned a level 4 spell: Hailstorm
  4233 | D:5      | Reached * piety under Sif Muna
  4345 | D:5      | Reached skill level 4 in Spellcasting
  4576 | D:5      | Your scales start taking on a rich purple colour.
  4576 | D:5      | Reached XP level 7. HP: 24/52 MP: 0/14
  4586 | D:5      | Reached skill level 5 in Spellcasting
  4589 | D:5      | HP: 2/53 [gnoll (3)]
  6017 | D:6      | Reached skill level 6 in Spellcasting
  6017 | D:6      | Reached XP level 8. HP: 52/61 MP: 17/17
  6149 | D:6      | Found Teawom's Neck Hole.
  6155 | D:6      | Bought a +0 cloak for 63 gold pieces
  6601 | D:6      | Learned a level 1 spell: Magic Dart
  6606 | D:6      | Learned a level 4 spell: Summon Ice Beast
  6854 | D:7      | Found Jufegra's Assorted Antiques.
  6857 | D:7      | Bought a granite ring for 160 gold pieces
  7050 | D:7      | Reached skill level 7 in Spellcasting
  7610 | D:6      | Reached skill level 1 in Summonings
  7943 | D:7      | Reached ** piety under Sif Muna
  7944 | D:7      | Reached XP level 9. HP: 48/61 MP: 18/19
  8905 | D:8      | Noticed a two-headed ogre
  8915 | D:8      | Killed a two-headed ogre
  8916 | D:8      | Reached skill level 1 in Shields
  8916 | D:8      | Reached skill level 8 in Spellcasting
  9655 | D:8      | Reached skill level 9 in Spellcasting
  9916 | D:8      | Reached XP level 10. HP: 70/77 MP: 14/23
 10533 | D:9      | Reached skill level 1 in Conjurations
 10536 | D:9      | Reached *** piety under Sif Muna
 10580 | D:9      | Reached skill level 5 in Short Blades
 10580 | D:9      | Reached skill level 5 in Dodging
 10580 | D:9      | Noticed a centaur warrior
 11223 | D:9      | Shot with an arrow by a centaur warrior

Illustrated notes

Levels and vault maps discovered:
D:1:      minmay_arrival_cross, layout_basic
D:2:      layout_rooms, serial_forest, infiniplex_forest_straight_2,
          infiniplex_forest_lined_1, infiniplex_forest_straight_2,
          infiniplex_forest_clump_long, infiniplex_forest_clump_tiny,
          infiniplex_forest_clump_tiny
D:3:      layout_basic, hellmonk_ecumenical_altar_blasted
D:4:      layout_rooms, nicolae_overflow_crystal_walls,
          minmay_temple_entry_waves, ebering_ghost_gozag, portal_sewer_entry_a,
          serial_shops, nicolae_shop_crystal
D:5:      nicolae_BIG_FREAKIN_CUBE, layout_basic
D:6:      layout_cave_pools, nicolae_shop_sticking_my_neck_out
D:7:      layout_cave_pools, minivault_27, nicolae_stop_n_shop_1,
          nicolae_underground_beach
D:8:      layout_loops_ring, kennysheep_generic_room_7
D:9:      layout_irregular_city, serial_shops, shop, serial_glass,
          glass_columns_c, glass_columns_a, minmay_bent
Temple:   kilobyte_greek_temple

Skill      XL: |  1  2  3  4  5  6  7  8  9 10 |
---------------+-------------------------------+-----
Stealth        | 2 3 |  3.7
Spellcasting   | 3 4 6 7 9 |  9.4
Dodging        | 2 3 4 5 |  5.0
Short Blades   | 1 2 3 4 5 |  5.0
Ice Magic      | 5 6 7 8 |  8.6
Fighting       | 1 2 3 |  3.4
Summonings     | 1 3 |  3.1
Shields        | 2 3 |  3.0
Conjurations   | 1 |  1.4

Action                   |  1- 3 |  4- 6 |  7- 9 | 10-12 || total
-------------------------+-------+-------+-------+-------++-------
Melee: Unarmed           |     3 |       |       |       ||     3
       Dagger            |    16 |       |       |       ||    16
       Tailslap          |     8 |    15 |    34 |    10 ||    67
       Rapier            |    33 |   109 |   177 |       ||   319
       Punch             |       |     1 |     3 |       ||     4
       Short sword       |       |       |    53 |    30 ||    83
 Cast: Freeze            |    49 |    26 |    19 |       ||    94
       Frozen Ramparts   |       |     7 |    26 |     6 ||    39
       Ozocubu's Armour  |       |     4 |    21 |     3 ||    28
       Summon Ice Beast  |       |       |    22 |     6 ||    28
       Magic Dart        |       |       |    35 |     4 ||    39
       Hailstorm         |       |       |    12 |       ||    12
 Abil: Breathe Dispellin |       |       |     1 |       ||     1
  Use: Scroll            |       |       |       |     5 ||     5
 Stab: Sleeping          |     1 |     7 |     1 |       ||     9
Armor: Skin              |    25 |    33 |    94 |     9 ||   161
Dodge: Dodged            |    70 |    80 |   148 |    17 ||   315
Block: Buckler           |       |       |     9 |     5 ||    14
